 Dungeon Sprint DCSS version 0.28.0-53-g5a82cb258f (webtiles) character file.

Game seed: 17434316047003262904

8153 Zeld the Eclecticist (level 11, -6/54 HPs)
             Began as a Deep Elf Conjurer on May 30, 2022.
             Was a High Priest of Sif Muna.
             Mangled by a demonic crawler (11 damage)
             ... in the Dungeon (Sprint IV: "Fedhas' Mad Dash").
             The game lasted 00:08:36 (4678 turns).

Zeld the Eclecticist (Deep Elf Conjurer)            Turns: 4678, Time: 00:08:37

Health: -6/54      AC:  2    Str:  3 (4)  XL:     11   Next: 6%
Magic:  9/37       EV: 15    Int: 28      God:    Sif Muna [*****.]
Gold:   226        SH:  0    Dex: 12 (13) Spells: 32/51 levels left

rFire   . . .      SeeInvis .   (no weapon)
rCold   . . .      Faith    .   (no shield)
rNeg    . . .      Spirit   .   a - +0 robe
rPois   +          Reflect  .   (no helmet)
rElec   .          Harm     .   (no cloak)
rCorr   .          Rampage  .   (no gloves)
Will    +....      NoTele   +   (no boots)
Stlth   ++++......              j - amulet of invisibility {+Inv}
HPRegen 0.18/turn               m - ring of poison resistance
MPRegen 0.25/turn               (no ring)

@: very slightly contaminated
A: no striking features
a: Renounce Religion, Evoke Invisibility, Channel Magic, Forget Spell, Divine
Exegesis


You were in the Dungeon.
You worshipped Sif Muna.
Sif Muna was extremely pleased with you.
You visited 1 branch You collected 292 gold pieces.
You spent 66 gold pieces at shops.

Inventory:

Armour
 a - a +0 robe (worn)
Jewellery
 j - the amulet of invisibility (around neck) {+Inv}
   (You found it in the Dungeon)

   [amulet of nothing]

   +Inv:      It lets you turn invisible.
 m - a ring of poison resistance (left hand)
Scrolls
 h - a scroll of holy word
 k - a scroll of silence
 l - a scroll of enchant armour
Potions
 b - 2 potions of curing
 c - a potion of heal wounds
 d - a potion of haste
 e - 2 potions of magic
 f - a potion of berserk rage
 o - a potion of mutation {unknown}


   Skills:
 - Level 8.0 Dodging
 - Level 8.0 Stealth
 * Level 20.8 Spellcasting
 * Level 18.2 Conjurations
 - Level 2.0 Hexes
 - Level 2.0 Translocations
 - Level 12.0 Invocations


You had 32 spell levels left.
You knew the following spells:

 Your Spells              Type           Power      Damage    Failure   Level
a - Magic Dart            Conj           100%       1d8       0%          1
b - Searing Ray           Conj           100%       2d8       0%          2
c - Fulminant Prism       Conj/Hex       36%        3d18      1%          4
d - Iskenderun's Mystic   Conj/Tloc      72%        2d15      1%          4
e - Lightning Bolt        Conj/Air       34%        1d52      1%          5
z - Dazzling Flash        Conj/Hex       100%       N/A       1%          3

Your spell library contained the following spells:

 Spells                   Type           Power      Damage    Failure   Level
 Foxfire                  Conj/Fire      100%       2x1d9     1%          1
 Pain                     Necr           100%       1d9       1%          1
 Conjure Flame            Conj/Fire      69%        6-21      1%          3
 Mephitic Cloud           Conj/Pois/Air  58%        N/A       1%          3
 Flame Wave               Conj/Fire      69%        2d13      1%          4
 Inner Flame              Hex/Fire       34%        N/A       2%          3
 Dispel Undead            Necr           29%        3d13      13%         4
 Death Channel            Necr           14%        N/A       90%         6
 Haunt                    Necr/Summ      14%        N/A       100%        7
 Borgnjor's Revivificati  Necr           14%        N/A       100%        8
 Infestation              Necr           14%        N/A       100%        8


Dungeon Overview and Level Annotations

Branches:
Dungeon (1/1)

Altars:
Cheibriados
Dithmenos
Elyvilon
Gozag
Hepliaklqana
Kikubaaqudgha
Makhleb
Nemelex Xobeh
Okawaru
Qazlal
Ru
Sif Muna
Trog
Uskayaw
Vehumet
Wu Jian
Xom
Yredelemnul
Zin
The Shining One
Beogh
Jiyva
Lugonu

Shops:
D ?(=([[**

Annotations:
D exclusion: 2 oklob plants


Message History

You kill the hornet!
Sif Muna accepts your kill.
You see here Sif Muna's Guide on Unstable Battle Magic {god gift}.
Sif Muna grants you a gift!
The spriggan falls from its now dead mount.
The spriggan is heavily wounded.
The spriggan is knocked back by the mystic blast.
You hear a hideous shriek!
You feel you are being watched by something.
You feel your power leaking away. The hornet barely misses you.
Something hits you but does no damage.
Deactivating autopickup; reactivate with Ctrl-A.
Something hits you!
You feel weakened. Something stings you! The hornet barely misses you.
The demonic crawler shrieks in warning!
The spriggan misses you.
You feel you are being watched by something.
You feel your power leaking away. Something hits you. Something hits you!
* * * LOW HITPOINT WARNING * * *
Something stings you.
* * * LOW HITPOINT WARNING * * *
You feel clumsy.
You see here a hornet corpse.
Unknown command.
Casting: Iskenderun's Mystic Blast (safe; 1% risk of failure)
Confirm with . or Enter, or press ? or * to list all spells.
You erupt in a blast of force!
The mystic blast hits the demonic crawler!
The demonic crawler is moderately wounded.
The mystic blast hits the spriggan!
You kill the spriggan!
Sif Muna accepts your kill.
The mystic blast hits the hornet!
You kill the hornet!
Sif Muna accepts your kill.
The mystic blast hits something!!
The demonic crawler hits you!
You die...

#......♣.....#...##########
#.....♣..♣..######♣♣♣♣♣..♣(
##'####'######..'......♣..♣
#..#....'.......#♣..♣♣♣.♣).
#.[#.[###......"#.♣♣..♣...♣
###########################
*,,....................#
*∩,..................P.####
*∩,.....).@.:...........)..
*∩,.......s†.............##
***########'##############
#P.........# ***,,****
#.......P.P# *,,,,',,,
###......### *,,,,****
###...## **,,,,*
#....****,,,,,****
#....,,,,,,,,,',,,


You could see a demonic crawler.

Vanquished Creatures
  Agnes (D)
  A spriggan defender (D)
  A spriggan berserker (D)
  A spriggan druid (D)
  6 oklob plants (D)
  A demonic crawler (D)
  A queen bee (D)
  3 burning bushes (D)
  3 wandering mushrooms (D)
  3 hornets (D)
  3 scorpions (D)
  4 killer bees (D)
  5 oklob saplings (D)
  7 spriggans (D)
  A river rat (D)
  A rat (D)
  2 ballistomycete spores (D)
44 creatures vanquished.

Vanquished Creatures (others)
  3 bushes (D)
  13 fulminant prisms (D)
  8 fungi (D)
24 creatures vanquished.

Grand Total: 68 creatures vanquished

Notes
Turn   | Place    | Note
-------+----------+-------------------------------------------
     0 | D        | Zeld the Deep Elf Conjurer began the quest for the Orb.
     0 | D        | Reached XP level 1. HP: 10/10 MP: 6/6
    23 | D        | Reached skill level 4 in Spellcasting
    23 | D        | Reached skill level 5 in Conjurations
    23 | D        | Reached XP level 2. HP: 15/15 MP: 0/9
    26 | D        | Learned a level 2 spell: Searing Ray
   216 | D        | Noticed an oklob sapling
   220 | D        | Noticed a scorpion
   229 | D        | Killed a scorpion
   230 | D        | Reached skill level 7 in Spellcasting
   230 | D        | Reached XP level 3. HP: 8/19 MP: 2/14
   230 | D        | Reached XP level 4. HP: 10/24 MP: 2/15
   234 | D        | Learned a level 3 spell: Dazzling Flash
   239 | D        | Learned a level 4 spell: Fulminant Prism
   244 | D        | Learned a level 4 spell: Iskenderun's Mystic Blast
   464 | D        | Reached skill level 8 in Spellcasting
   464 | D        | Reached skill level 1 in Hexes
   464 | D        | Reached skill level 1 in Translocations
   605 | D        | Found the amulet of invisibility {+Inv}
   732 | D        | Found an opulent altar of Gozag.
   732 | D        | Found a hazy altar of Hepliaklqana.
   732 | D        | Found a burning altar of Makhleb.
   732 | D        | Found a sparkling altar of Nemelex Xobeh.
   732 | D        | Found a snail-covered altar of Cheibriados.
   732 | D        | Found a sacrificial altar of Ru.
   732 | D        | Found a shimmering blue altar of Sif Muna.
   732 | D        | Found a shimmering altar of Xom.
   732 | D        | Found a basalt altar of Yredelemnul.
   735 | D        | Found a viscous altar of Jiyva.
   735 | D        | Found a bloodstained altar of Trog.
   735 | D        | Found an ornate altar of the Wu Jian Council.
   736 | D        | Found an iron altar of Okawaru.
   736 | D        | Found a shadowy altar of Dithmenos.
   736 | D        | Found a glowing silver altar of Zin.
   737 | D        | Found an ancient bone altar of Kikubaaqudgha.
   737 | D        | Found a hide-covered altar of Uskayaw.
   738 | D        | Found a stormy altar of Qazlal.
   738 | D        | Found a glowing golden altar of the Shining One.
   738 | D        | Found a white marble altar of Elyvilon.
   739 | D        | Found a radiant altar of Vehumet.
   739 | D        | Found a corrupted altar of Lugonu.
   741 | D        | Became a worshipper of Sif Muna the Loreminder
   773 | D        | Reached skill level 9 in Spellcasting
   773 | D        | Reached XP level 5. HP: 28/28 MP: 8/19
   885 | D        | Reached * piety under Sif Muna
   886 | D        | Reached skill level 10 in Spellcasting
   888 | D        | Reached XP level 6. HP: 17/32 MP: 1/21
  1136 | D        | Found Zaggeun's Weapon Shop.
  1136 | D        | Found Dumm's Magic Scroll Emporium.
  1140 | D        | Bought a scroll of identify for 22 gold pieces
  1140 | D        | Bought a scroll of identify for 22 gold pieces
  1140 | D        | Bought a scroll of identify for 22 gold pieces
  1244 | D        | Noticed a burning bush
  1244 | D        | Noticed a wandering mushroom
  1247 | D        | Noticed a wandering mushroom
  1251 | D        | Killed a wandering mushroom
  1251 | D        | Reached ** piety under Sif Muna
  1252 | D        | Reached skill level 5 in Stealth
  1252 | D        | Reached skill level 12 in Spellcasting
  1252 | D        | Reached skill level 10 in Conjurations
  1252 | D        | Killed a wandering mushroom
  1253 | D        | Reached skill level 13 in Spellcasting
  1253 | D        | Reached XP level 7. HP: 21/36 MP: 1/25
  1381 | D        | Killed a burning bush
  1481 | D        | Found Xuolal's Armour Emporium.
  1481 | D        | Found Igrium's Antique Armour Shoppe.
  1534 | D        | Reached *** piety under Sif Muna
  1535 | D        | Reached XP level 8. HP: 41/41 MP: 21/27
  1669 | D        | Noticed a queen bee
  1720 | D        | Reached **** piety under Sif Muna
  1721 | D        | Reached skill level 14 in Spellcasting
  1721 | D        | Killed a queen bee
  1900 | D        | Noticed an oklob plant
  1909 | D        | Killed an oklob plant
  1910 | D        | Reached skill level 15 in Spellcasting
  1910 | D        | Reached skill level 10 in Invocations
  1997 | D        | Noticed a burning bush
  2005 | D        | Killed a burning bush
  2006 | D        | Reached XP level 9. HP: 5/45 MP: 16/30
  2621 | D        | Noticed a burning bush
  2621 | D        | Noticed an oklob plant
  2825 | D        | Noticed a wandering mushroom
  2829 | D        | Killed a wandering mushroom
  2829 | D        | Killed a burning bush
  2830 | D        | Reached skill level 16 in Spellcasting
  2834 | D        | Reached ***** piety under Sif Muna
  2838 | D        | Killed an oklob plant
  2861 | D        | Identified the amulet of Tailehu {Spirit -Cast Will+ Str+5}
  3071 | D        | Noticed a spriggan druid
  3076 | D        | Killed a spriggan druid
  3076 | D        | Received a gift from Sif Muna
  3077 | D        | Reached skill level 17 in Spellcasting
  3077 | D        | Reached skill level 15 in Conjurations
  3079 | D        | Got Sif Muna's Catalogue of Dark Contamination {god gift}
  3170 | D        | Noticed an oklob plant conjurer
  3180 | D        | Killed an oklob plant conjurer
  3331 | D        | Noticed Agnes
  3340 | D        | Killed Agnes
  3341 | D        | Reached skill level 5 in Dodging
  3341 | D        | Reached skill level 18 in Spellcasting
  3341 | D        | Reached XP level 10. HP: 14/50 MP: 13/34
  3571 | D        | Noticed an oklob plant
  3571 | D        | Noticed an oklob plant summoner
  3572 | D        | Noticed an oklob plant shifter
  3579 | D        | Killed an oklob plant
  3579 | D        | Killed an oklob plant summoner
  3580 | D        | Reached skill level 19 in Spellcasting
  3583 | D        | Killed an oklob plant shifter
  3768 | D        | Noticed a spriggan rider
  3780 | D        | Received a gift from Sif Muna
  3818 | D        | Got Sif Muna's Tome of Conjuration and Calling {god gift}
  3825 | D        | Learned a level 5 spell: Lightning Bolt
  3955 | D        | Found Qousuuf's General Store.
  3958 | D        | Found Inuiwepacs's Assorted Antiques.
  4002 | D        | Found Lacryan's Jewellery Emporium.
  4002 | D        | Noticed a spriggan berserker
  4006 | D        | Noticed a spriggan defender
  4008 | D        | Noticed a death yak
  4008 | D        | Killed a spriggan berserker
  4009 | D        | Reached skill level 20 in Spellcasting
  4009 | D        | Found Tiek's Weapon Shoppe.
  4014 | D        | Killed a spriggan defender
  4015 | D        | Reached XP level 11. HP: 11/54 MP: 7/37
  4484 | D        | Noticed an oklob plant shifter
  4484 | D        | Noticed an oklob plant meteorologist
  4668 | D        | Noticed a spriggan rider
  4675 | D        | Received a gift from Sif Muna
  4678 | D        | Mangled by a demonic crawler

Illustrated notes

Levels and vault maps discovered:
D:        dungeon_sprint_fedhas [sprint_temple]

Skill      XL: |  1  2  3  4  5  6  7  8  9 10 |
---------------+-------------------------------+-----
Spellcasting   | 4 7 9 10 13 15 18 20 | 20.8
Conjurations   | 5 7 8 9 11 13 16 18 | 18.2
Hexes          | 2 |  2.0
Translocations | 2 |  2.0
Stealth        | 4 7 8 |  8.0
Invocations    | 4 7 8 10 12 | 12.0
Dodging        | 5 8 |  8.0

Action                   |  1- 3 |  4- 6 |  7- 9 | 10-12 || total
-------------------------+-------+-------+-------+-------++-------
Melee: Unarmed           |     8 |       |       |     1 ||     9
       Punch             |       |       |       |     1 ||     1
 Cast: Magic Dart        |     7 |       |     2 |     3 ||    12
       Searing Ray       |     2 |     5 |    11 |     2 ||    20
       Fulminant Prism   |       |     3 |     7 |     3 ||    13
       Iskenderun's Myst |       |     5 |    18 |    19 ||    42
       Lightning Bolt    |       |       |       |     4 ||     4
Invok: Channel Magic     |       |       |       |     1 ||     1
 Abil: Evoke Invisibilit |       |     5 |     4 |     4 ||    13
  Use: Scroll            |       |       |     3 |     3 ||     6
Armor: Robe              |       |       |       |     2 ||     2
Dodge: Dodged            |       |     3 |     3 |     9 ||    15
